General information
- name: BNet
- type: Ladder team game (AT/RT)
- host: Battle.net
- saver: Nuissance
map: MarketSquare
- players: 8
- length: 17:50
- speed: Fast
- version: 1.28 W3XP
- replay type: Public
» download(167 KB)
Players
team 1 (loser)
texas (
orange | 37 APM | 661 actions | 17:47)
3 Mountain King
1 Storm Bolt
1 Bash
1 Thunder Clap
3 Paladin
1 Holy Light
1 Divine Shield
1 Devotion Aura
» actions
| Build / train | 71 | |
| Enter build submenu | 30 | |
| Enter hero's abilities submenu | 6 | |
| Right click | 253 | |
| Select / deselect | 244 | |
| Use ability | 57 | |
661 total
» units
| Peasant | 25 | |
| Footman | 7 | |
| Rifleman | 2 | |
| Knight | 7 | |
| Gryphon Rider | 2 | |
43 total
» upgrades
| Gunpowder | 1 | |
| Lumber Harvesting | 2 | |
| Plating | 2 | |
| Swords | 1 | |
| Storm Hammers | 1 | |
| Armor | 1 | |
8 total
» buildings
| Altar of Kings | 2 | |
| Barracks | 2 | |
| Farm | 13 | |
| Lumber Mill | 1 | |
| Town Hall | 1 | |
| Scout Tower | 6 | |
| Arcane Vault | 2 | |
| Guard Tower | 5 | |
| Keep | 1 | |
| Blacksmith | 1 | |
| Castle | 1 | |
| Gryphon Aviary | 1 | |
36 total
» build order
00:11 Altar of Kings
00:18 Barracks
00:24 Farm
00:52 Farm
01:15 Lumber Mill
02:00 Farm
02:38 Farm
04:00 Town Hall
04:03 Scout Tower
04:07 Scout Tower
04:10 Scout Tower
04:24 Arcane Vault
04:40 Guard Tower
04:50 Guard Tower
05:03 Farm
05:37 Farm
06:34 Farm
06:36 Keep
06:42 Blacksmith
06:47 Barracks
07:23 Farm
07:42 Scout Tower
08:13 Farm
08:23 Scout Tower
08:26 Guard Tower
09:00 Farm
09:04 Castle
09:12 Arcane Vault
10:59 Gryphon Aviary
11:08 Scout Tower
11:10 Guard Tower
11:45 Farm
11:46 Guard Tower
13:00 Farm
13:56 Farm
16:09 Altar of Kings
» items
| Scroll of Regeneration | 2 | |
| Lesser Clarity Potion | 1 | |
3 total
watwatinthebutt (
yellow | 92 APM | 1298 actions | 14:09)
4 Archmage
2 Blizzard
2 Brilliance Aura
» actions
| Assign group hotkey | 176 | |
| Basic commands | 47 | |
| Build / train | 55 | |
| ESC pressed | 1 | |
| Enter build submenu | 19 | |
| Enter hero's abilities submenu | 4 | |
| Right click | 474 | |
| Select / deselect | 189 | |
| Select group hotkey | 259 | |
| Use ability | 74 | |
1298 total
» units
| Peasant | 10 | |
| Footman | 2 | |
| Forest Troll High Priest | 1 | |
| Kobold Geomancer | 3 | |
| Rogue | 2 | |
| Assassin | 2 | |
| Rifleman | 6 | |
| Mortar Team | 1 | |
27 total
» upgrades
| Masonry | 2 | |
| Lumber Harvesting | 2 | |
| Fragmentation Shards | 1 | |
5 total
» buildings
| Altar of Kings | 1 | |
| Farm | 9 | |
| Arcane Vault | 1 | |
| Barracks | 1 | |
| Keep | 3 | |
| Blacksmith | 1 | |
| Lumber Mill | 2 | |
| Castle | 2 | |
| Workshop | 1 | |
| Scout Tower | 4 | |
| Cannon Tower | 2 | |
27 total
» build order
00:21 Altar of Kings
00:22 Farm
03:31 Arcane Vault
03:31 Farm
03:34 Barracks
07:21 Keep
07:21 Keep
07:21 Keep
07:23 Blacksmith
07:25 Lumber Mill
07:30 Lumber Mill
07:40 Farm
07:43 Farm
07:44 Farm
08:03 Farm
09:06 Farm
09:17 Farm
09:18 Farm
10:11 Castle
10:11 Castle
10:18 Workshop
11:18 Scout Tower
11:18 Scout Tower
12:22 Cannon Tower
12:22 Cannon Tower
13:37 Scout Tower
13:38 Scout Tower
» items
| Scroll of Regeneration | 3 | |
| Lesser Clarity Potion | 3 | |
| Staff of Sanctuary | 1 | |
| Scroll of Town Portal | 1 | |
8 total
SverrirHolm (
teal | 64 APM | 967 actions | 15:09)
5 Demon Hunter
2 Immolation
3 Evasion
3 Priestess of the Moon
1 Searing Arrows
2 Trueshot Aura
» actions
| Assign group hotkey | 28 | |
| Basic commands | 1 | |
| Build / train | 70 | |
| Enter build submenu | 18 | |
| Enter hero's abilities submenu | 8 | |
| Remove unit from queue | 3 | |
| Right click | 271 | |
| Select / deselect | 254 | |
| Select group hotkey | 254 | |
| Use ability | 60 | |
967 total
» units
| Wisp | 23 | |
| Archer | 6 | |
| Forest Troll High Priest | 1 | |
| Assassin | 1 | |
| Rogue | 1 | |
| Hippogryph | 1 | |
| Huntress | 4 | |
| Druid of the Talon | 4 | |
| Peasant | 4 | |
45 total
» upgrades
| Strength of the Moon | 1 | |
| Moon Armor | 1 | |
| Improved Bows | 1 | |
| Hippogryph Taming | 1 | |
| Upgrade Moon Glaive | 1 | |
| Well Spring | 1 | |
| Strength of the Wild | 1 | |
7 total
» buildings
| Altar of Elders | 1 | |
| Moon Well | 6 | |
| Ancient of War | 2 | |
| Ancient of Wonders | 1 | |
| Tree of Ages | 1 | |
| Tree of Life | 1 | |
| Hunter's Hall | 1 | |
| Ancient of Wind | 2 | |
| Tree of Eternity | 1 | |
| Chimaera Roost | 2 | |
18 total
» build order
00:13 Altar of Elders
00:23 Moon Well
00:32 Ancient of War
02:07 Ancient of War
02:15 Moon Well
02:33 Ancient of Wonders
03:06 Moon Well
03:41 Moon Well
04:41 Tree of Ages
04:48 Moon Well
06:00 Tree of Life
06:46 Hunter's Hall
06:52 Moon Well
09:41 Ancient of Wind
09:46 Tree of Eternity
10:39 Ancient of Wind
13:24 Chimaera Roost
13:29 Chimaera Roost
» items
| Scroll of Town Portal | 1 | |
| Potion of Healing | 2 | |
3 total

»
cmurdaa (
purple | 56 APM | 985 actions | 17:41)
5 Keeper of the Grove
1 Entangling Roots
1 Force of Nature
3 Thorns Aura
2 Priestess of the Moon
1 Searing Arrows
1 Trueshot Aura
2 Dark Ranger
1 Black Arrow
1 Silence
» actions
| Assign group hotkey | 15 | |
| Build / train | 63 | |
| Enter build submenu | 19 | |
| Enter hero's abilities submenu | 10 | |
| Remove unit from queue | 2 | |
| Right click | 370 | |
| Select / deselect | 192 | |
| Select group hotkey | 265 | |
| Use ability | 49 | |
985 total
» units
» buildings
| Moon Well | 8 | |
| Ancient of War | 1 | |
| Altar of Elders | 1 | |
| Tree of Ages | 2 | |
| Tree of Life | 1 | |
| Tree of Eternity | 1 | |
| Ancient of Wind | 1 | |
| Chimaera Roost | 3 | |
| Gryphon Aviary | 3 | |
21 total
» build order
00:16 Moon Well
01:02 Ancient of War
01:05 Altar of Elders
01:36 Moon Well
03:48 Moon Well
05:11 Tree of Ages
05:36 Moon Well
06:33 Moon Well
07:10 Tree of Life
08:13 Tree of Eternity
08:36 Ancient of Wind
10:42 Chimaera Roost
10:44 Chimaera Roost
10:45 Chimaera Roost
10:48 Moon Well
10:49 Moon Well
10:50 Moon Well
12:08 Tree of Ages
15:21 Gryphon Aviary
15:23 Gryphon Aviary
15:39 Gryphon Aviary
» items
| Scroll of Town Portal | 2 | |
| Scroll of Regeneration | 2 | |
| Potion of Healing | 2 | |
6 total
team 2 (winner)
ThugMaSteR (
pink | 66 APM | 1169 actions | 17:48)
6 Death Knight
3 Death Coil
2 Unholy Aura
1 Animate Dead
2 Lich
1 Frost Nova
1 Frost Armor
2 Crypt Lord
1 Impale
1 Spiked Carapace
» actions
| Assign group hotkey | 34 | |
| Basic commands | 1 | |
| Build / train | 65 | |
| Enter build submenu | 20 | |
| Enter hero's abilities submenu | 10 | |
| Give item / drop item | 6 | |
| Right click | 489 | |
| Select / deselect | 272 | |
| Select group hotkey | 212 | |
| Use ability | 60 | |
1169 total
» units
| Acolyte | 8 | |
| Ghoul | 4 | |
| Crypt Fiend | 8 | |
| Frost Wyrm | 5 | |
25 total
» upgrades
| Creature Attack | 2 | |
| Creature Carapace | 2 | |
| Web | 1 | |
| Freezing Breath | 1 | |
6 total
» buildings
| Crypt | 1 | |
| Graveyard | 1 | |
| Ziggurat | 10 | |
| Altar of Darkness | 1 | |
| Nerubian Tower | 1 | |
| Tomb of Relics | 1 | |
| Spirit Tower | 6 | |
| Halls of the Dead | 1 | |
| Necropolis | 1 | |
| Black Citadel | 1 | |
| Sacrificial Pit | 1 | |
| Boneyard | 2 | |
27 total
» build order
00:10 Crypt
00:22 Graveyard
00:41 Ziggurat
01:32 Altar of Darkness
01:39 Ziggurat
02:10 Nerubian Tower
02:49 Tomb of Relics
02:55 Ziggurat
05:17 Ziggurat
05:23 Ziggurat
06:12 Spirit Tower
06:15 Spirit Tower
06:43 Ziggurat
06:59 Ziggurat
07:30 Halls of the Dead
07:35 Spirit Tower
08:28 Spirit Tower
08:32 Spirit Tower
08:35 Necropolis
10:06 Black Citadel
10:11 Sacrificial Pit
10:41 Ziggurat
12:42 Ziggurat
12:49 Ziggurat
13:02 Boneyard
13:06 Boneyard
13:41 Spirit Tower
» items
| Rod of Necromancy | 1 | |
| Sacrificial Skull | 1 | |
| Boots of Speed | 1 | |
| Potion of Lesser Invulnerability | 1 | |
| Scroll of Healing | 1 | |
| Scroll of Protection | 1 | |
| Scroll of Town Portal | 2 | |
| Orb of Corruption | 2 | |
| Potion of Healing | 1 | |
| Potion of Mana | 1 | |
12 total
danlazarski (
green | 75 APM | 1332 actions | 17:48)
10 Goblin Tinker
3 Pocket Factory
3 Engineering Upgrade
1 Robo-Goblin
3 Cluster Rockets
» actions
| Assign group hotkey | 23 | |
| Basic commands | 45 | |
| Build / train | 81 | |
| ESC pressed | 5 | |
| Enter build submenu | 16 | |
| Enter hero's abilities submenu | 10 | |
| Give item / drop item | 2 | |
| Right click | 661 | |
| Select / deselect | 237 | |
| Select group hotkey | 208 | |
| Use ability | 44 | |
1332 total
» units
| Wisp | 21 | |
| Huntress | 7 | |
| Druid of the Claw | 3 | |
| Dryad | 19 | |
| Mountain Giant | 3 | |
53 total
» upgrades
| Ultravision | 1 | |
| Druid of the Claw Training | 2 | |
| Abolish Magic | 1 | |
| Strength of the Wild | 3 | |
| Well Spring | 1 | |
| Upgrade Moon Glaive | 1 | |
| Reinforced Hides | 2 | |
| Hardened Skin | 1 | |
| Resistant Skin | 1 | |
13 total
» buildings
| Moon Well | 6 | |
| Altar of Elders | 1 | |
| Hunter's Hall | 3 | |
| Ancient of War | 2 | |
| Tree of Ages | 1 | |
| Ancient of Wonders | 1 | |
| Ancient of Lore | 2 | |
| Tree of Life | 1 | |
| Tree of Eternity | 1 | |
18 total
» build order
00:17 Moon Well
00:31 Altar of Elders
01:39 Hunter's Hall
01:43 Hunter's Hall
01:47 Hunter's Hall
01:51 Ancient of War
02:00 Moon Well
02:28 Ancient of War
02:37 Moon Well
04:41 Tree of Ages
05:08 Moon Well
05:39 Ancient of Wonders
07:08 Ancient of Lore
07:11 Ancient of Lore
07:22 Tree of Life
07:33 Tree of Eternity
08:27 Moon Well
09:19 Moon Well
» items
Nuissance (
red | 24 APM | 426 actions | 17:50)
» actions
| Assign group hotkey | 10 | |
| Basic commands | 19 | |
| Build / train | 38 | |
| Enter build submenu | 31 | |
| Remove unit from queue | 1 | |
| Right click | 92 | |
| Select / deselect | 175 | |
| Select group hotkey | 30 | |
| Use ability | 30 | |
426 total
» units
» upgrades
| Creature Attack | 2 | |
| Creature Carapace | 2 | |
4 total
» buildings
| Crypt | 4 | |
| Ziggurat | 16 | |
| Graveyard | 2 | |
| Nerubian Tower | 2 | |
| Spirit Tower | 7 | |
| Necropolis | 2 | |
| Halls of the Dead | 1 | |
| Altar of Darkness | 1 | |
| Black Citadel | 1 | |
36 total
» build order
00:13 Crypt
00:16 Ziggurat
01:15 Ziggurat
01:18 Ziggurat
01:44 Ziggurat
02:11 Ziggurat
02:26 Ziggurat
03:00 Graveyard
03:04 Graveyard
03:30 Ziggurat
03:35 Ziggurat
03:46 Ziggurat
04:03 Ziggurat
04:07 Ziggurat
04:24 Nerubian Tower
04:37 Nerubian Tower
04:40 Spirit Tower
04:52 Spirit Tower
05:03 Spirit Tower
05:18 Spirit Tower
05:34 Spirit Tower
05:49 Spirit Tower
06:01 Spirit Tower
07:05 Ziggurat
07:09 Ziggurat
07:12 Ziggurat
07:13 Ziggurat
07:20 Ziggurat
08:15 Necropolis
08:31 Crypt
08:34 Halls of the Dead
08:47 Crypt
08:48 Crypt
14:04 Altar of Darkness
15:36 Black Citadel
16:23 Necropolis

»
danimalcannibal (
blue | 36 APM | 647 actions | 17:48)
6 Pit Lord
2 Rain of Fire
3 Cleaving Attack
1 Doom
» actions
| Basic commands | 1 | |
| Build / train | 49 | |
| Enter build submenu | 19 | |
| Enter hero's abilities submenu | 6 | |
| Right click | 295 | |
| Select / deselect | 219 | |
| Use ability | 58 | |
647 total
» units
| Wisp | 20 | |
| Huntress | 8 | |
| Druid of the Claw | 7 | |
35 total
» upgrades
| Druid of the Claw Training | 2 | |
| Strength of the Wild | 1 | |
| Reinforced Hides | 1 | |
| Mark of the Claw | 1 | |
5 total
» buildings
| Altar of Elders | 1 | |
| Moon Well | 8 | |
| Hunter's Hall | 1 | |
| Ancient of War | 1 | |
| Tree of Ages | 1 | |
| Tree of Eternity | 1 | |
| Tree of Life | 3 | |
| Ancient of Lore | 3 | |
19 total
» build order
00:11 Altar of Elders
00:16 Moon Well
01:31 Hunter's Hall
01:52 Ancient of War
02:37 Moon Well
03:36 Moon Well
03:38 Tree of Ages
04:31 Moon Well
05:29 Moon Well
05:59 Tree of Eternity
06:40 Tree of Life
07:19 Moon Well
07:23 Ancient of Lore
07:28 Ancient of Lore
07:31 Ancient of Lore
08:43 Tree of Life
10:55 Moon Well
12:09 Moon Well
14:22 Tree of Life
Chat log
(00:03 / All) danlazarski: gl hf
(00:32 / Allies) danimalcannibal: hunts bears
(00:42 / Allies) danlazarski: ill go hunts yads
(07:05 / Allies) danimalcannibal: middle?
(07:52 / Allies) ThugMaSteR: purp was there
(07:52 / Allies) danlazarski: alright
(07:54 / Allies) ThugMaSteR: sandwich him
(08:09 / Allies) danimalcannibal: red that mine
(08:17 / Allies) ThugMaSteR: mid
(08:17 / Allies) Nuissance: looks empty
(08:21 / Allies) danimalcannibal: cancel or i bs
(08:30 / Allies) danlazarski: get a grip
(08:50 / Allies) danimalcannibal: tp?
(08:52 / Allies) danimalcannibal: and counter
(08:52 / Allies) ThugMaSteR: go blue
(09:19 / Specific player) Nuissance: blue making his expo again just started
(09:51 / Allies) danlazarski: coming
(10:12 / Allies) danimalcannibal: shit my b green
(10:23 / Allies) danlazarski: its ok he sucks
(10:28 / Allies) danimalcannibal: he trapped my hero
(10:41 / Specific player) Nuissance: blue expo
(10:52 / Allies) danlazarski: lets push?
(10:53 / Allies) danlazarski: i got yads
(10:58 / Allies) danlazarski: guy next to me is def teching
(11:04 / Allies) danimalcannibal: meet
(11:23 / Allies) danlazarski: chims
(11:24 / Allies) danlazarski: kill it
(13:16 / Allies) danlazarski: we got this
(13:44 / All) texas: GG we got retards
(13:50 / All) danlazarski: it happens
(13:51 / Allies) danimalcannibal: red a bitch
(13:52 / Allies) danimalcannibal: lol
(13:53 / All) ThugMaSteR: haha
(13:54 / All) ThugMaSteR: GG
(14:37 / All) danlazarski: gg
(14:48 / Allies) danimalcannibal: lol
(14:51 / Allies) danimalcannibal: your such a ussy
(14:57 / All) ThugMaSteR: boom
(15:01 / All) ThugMaSteR: head shot
(15:03 / Allies) danimalcannibal: yuo wanted my cleared mine and so u bs
(15:13 / Allies) danimalcannibal: cause you couldnt make units
(15:13 / Allies) danlazarski: whats happening
(15:18 / Allies) danlazarski: someone here has a small dick
(15:19 / Allies) danlazarski: who is it
(15:24 / Allies) danimalcannibal: red bsing me
(15:28 / Allies) Nuissance: yeah blue does who threatened me
(15:38 / Allies) danlazarski: guys
(15:39 / Allies) danlazarski: this game
(15:40 / Allies) danlazarski: is like
(15:42 / Allies) danlazarski: 16-17 years old
(15:43 / Allies) danimalcannibal: you tried to take the mine i just cleared
(15:45 / Allies) danlazarski: get a grip
(15:53 / Allies) Nuissance: orange killed it, that makes it free game
(16:09 / Allies) danimalcannibal: i just pushed oj out
(16:15 / Allies) danimalcannibal: and u ran in with an acolyte
(16:19 / Allies) danimalcannibal: uve done nothing whole game
(16:23 / Allies) danimalcannibal: guaraunteed last place
(16:36 / All) ThugMaSteR: GG
(16:41 / Allies) danlazarski: well
(16:42 / Allies) danlazarski: red
(16:43 / Allies) danlazarski: get a grip
(16:44 / Allies) danlazarski: grow up
(17:06 / Allies) danlazarski: anyone got spare wood?